 Dungeon Crawl Stone Soup version 0.28-a0-1087-gf3fc490d9d (webtiles) character file.

Game seed: 916608097251768189

163 bande the Covered (level 5, 0/33 HPs)
             Began as a Gargoyle Fighter on Dec 11, 2021.
             Slain by Crazy Yiuf (1 damage)
             ... on level 2 of the Dungeon.
             The game lasted 00:04:47 (2995 turns).

bande the Covered (Gargoyle Fighter)                Turns: 2995, Time: 00:04:48

Health: 0/33       AC: 14    Str: 17 (19) XL:     5   Next: 44%
Magic:  5/5        EV:  9    Int:  6 (9)  God:
Gold:   38         SH:  4    Dex:  9 (11) Spells: 4/4 levels left

rFire   . . .      SeeInvis .   a - +0 war axe
rCold   . . .      Faith    .   c - +0 buckler
rNeg    + . .      Spirit   .   b - +0 scale mail
rPois   ∞          Reflect  .   i - +2 helmet
rElec   +          Harm     .   (no cloak)
rCorr   .          Rampage  .   (no gloves)
Will    .....                   (no boots)
Stlth   ..........              (no amulet)
HPRegen 0.11/turn               (no ring)
MPRegen 0.09/turn               (no ring)

@: no status effects
A: sickness immunity, AC +4, negative energy resistance 1, electricity
resistance, torment resistance 1, petrification resistance
a: no special abilities


You were on level 2 of the Dungeon.
You visited 1 branch of the dungeon, and saw 2 of its levels.

You collected 38 gold pieces.

Inventory:

Hand Weapons
 a - a +0 war axe (weapon)
 n - a +0 broad axe
Missiles
 e - 2 throwing nets (quivered)
Armour
 b - a +0 scale mail (worn)
 c - a +0 buckler (worn)
 i - a +2 helmet (worn)
Jewellery
 g - a ring of wizardry
Potions
 d - a potion of might
 h - a potion of ambrosia {unknown}
 k - a potion of mutation {unknown}
 m - 2 potions of cancellation
 o - a potion of lignification {unknown}


   Skills:
 + Level 3.9 Fighting
 + Level 3.6 Axes
 + Level 4.2 Armour
 + Level 3.9 Shields


You had 4 spell levels left.
You didn't know any spells.
Your spell library was empty.

Dungeon Overview and Level Annotations

Branches:
Dungeon (2/15)

Altars:

Annotations:
D:2 Crazy Yiuf


Innate Abilities, Weirdness & Mutations

You are immune to sickness and miasma.
Your stone body is resilient. (AC +4)
You are immune to poison.
You resist negative energy. (rN+)
You are resistant to electric shocks. (rElec)
You are resistant to unholy torment.
You are immune to petrification.


Message History

No target in view!
No target in view!
You now have 38 gold pieces (gained 7).
You see here a giant cockroach corpse.
You see here 22 sling bullets.
You see here a +0 dagger.
You see here a +0 long sword of holy wrath.
Items here: ( )))).
There is an open door here.
No reachable target in view!
No reachable target in view!
No reachable target in view!
No reachable target in view!
Could not explore, unopened runed door.
You open the door.
Crazy Yiuf grits, "Snurf!"
You closely miss Crazy Yiuf.
Crazy Yiuf hits you with a +3 quarterstaff of chaos.
Crazy Yiuf burns you.
Crazy Yiuf hits you with a +3 quarterstaff of chaos!
Crazy Yiuf burns you.
You hit Crazy Yiuf but do no damage. Crazy Yiuf barely misses you.
You slash Crazy Yiuf!
Crazy Yiuf is moderately wounded.
Crazy Yiuf hits you with a +3 quarterstaff of chaos!
Crazy Yiuf burns you.
You slash Crazy Yiuf!
Crazy Yiuf is severely wounded.
Crazy Yiuf hits you with a +3 quarterstaff of chaos.
* * * LOW HITPOINT WARNING * * *
Crazy Yiuf yells, "Announcement horse sizzlefizz!"
Crazy Yiuf hits you with a +3 quarterstaff of chaos.
* * * LOW HITPOINT WARNING * * *
It was a potion of degeneration.
There was something very wrong with that liquid.
You feel weakened.
You feel dopey.
You feel clumsy.
Crazy Yiuf hits you with a +3 quarterstaff of chaos.
* * * LOW HITPOINT WARNING * * *
Crazy Yiuf burns you.
You die...

##### ######## #)..#
#......# ### #...#
#......# ..# ...
#......# ..# ### #g#
#......# ..# #.#
♣@♣♣ #......#####
..########.# ♣♣.♣
#...........
...........# ♣.♣♣
#.....>.....
...........# ♣♣.♣
#...........
...........# ♣♣.♣♣
#..###.(....
...........# ♣♣...♣
##.###.#####
...........# ♣....♣
#.......#
...........# #+..+#
####.###.#
...........####....#
#....# #.#


You could see Crazy Yiuf.

Vanquished Creatures
  A scorpion (D:2)
  Robin (D:2)
  3 adders (D:2)
  A worm (D:2)
  6 ball pythons
  3 endoplasms
  2 giant cockroaches (D:2)
  14 goblins
  8 hobgoblins
  4 jackals (D:1)
  6 kobolds
  A quokka (D:1)
  3 frilled lizards
  4 rats
57 creatures vanquished.

Notes
Turn   | Place    | Note
-------+----------+-------------------------------------------
     0 | D:1      | bande the Gargoyle Fighter began the quest for the Orb.
     0 | D:1      | Reached XP level 1. HP: 14/14 MP: 1/1
    51 | D:1      | Reached XP level 2. HP: 12/19 MP: 2/2
  1115 | D:1      | Reached XP level 3. HP: 22/23 MP: 3/3
  1427 | D:2      | Found a faded altar of an unknown god.
  1823 | D:2      | Noticed a scorpion
  1828 | D:2      | Killed a scorpion
  1829 | D:2      | Reached skill level 4 in Armour
  1829 | D:2      | Reached XP level 4. HP: 29/29 MP: 4/4
  1880 | D:2      | Noticed Robin
  2232 | D:2      | Reached XP level 5. HP: 27/33 MP: 5/5
  2238 | D:2      | Killed Robin
  2553 | D:2      | Found a runed translucent door.
  2554 | D:2      | Noticed Crazy Yiuf
  2995 | D:2      | HP: 1/33 [Crazy Yiuf (2)]
  2995 | D:2      | Slain by Crazy Yiuf

Illustrated notes

Levels and vault maps discovered:
D:1:      dpeg_arrival_long_road, layout_basic, minmay_cupped
D:2:      layout_basic, shapermc_ecumenical_altar_totnotflames,
          uniq_crazy_yiuf_cottage, uniq_robin

Skill      XL: |  1  2  3 |
---------------+----------+-----
Axes           | 2 3 |  3.6
Armour         | 4 |  4.2
Fighting       | |  3.9
Shields        | |  3.9

Action                   |  1- 3 |  4- 6 || total
-------------------------+-------+-------++-------
Melee: War axe           |    99 |   110 ||   209
  Use: Scroll            |     4 |       ||     4
       Potion            |       |     1 ||     1
Armor: Scale mail        |    59 |    74 ||   133
Dodge: Dodged            |    48 |    73 ||   121
Block: Buckler           |    24 |    31 ||    55

Table legend: (Time is in decaauts)
 A = Elapsed time spent in this place.
 B = Non-inter-level travel time spent in this place.
 C = Inter-level travel time spent in this place.
 D = Time resting spent in this place.
 E = Time spent auto-exploring this place.
 F = Levels seen in this place.
 G = Mean time per level.
                   A        B        C        D        E       F      G
               +--------+--------+--------+--------+--------+-----+--------+
         Total |   3075 |   3052 |     23 |   1023 |   1471 |   2 | 1537.5 |
       Dungeon |   3075 |   3052 |     23 |   1023 |   1471 |   2 | 1537.5 |
               +--------+--------+--------+--------+--------+-----+--------+

Top non-repeatable levels by time:
     D:1: 1707 daAuts
     D:2: 1368 daAuts
